AoeStats
← Gim

Arena

508638011Analyzed
4v4 RM · 8d ago on Sep 23, 2026· 57m 33s· 8 players
Game mode
Random Map
Map size
Large (8 player)
Population
200
Speed
Normal
Resources
Standard
Victory
Conquest
Starting age
Dark Age
Ending age
Imperial Age
RankedLock teamsTeams togetherTeam positionsShared explorationLock speedFull tech treeHidden civsTurbo modeCheats
Victory
Defeat
🇦🇷 Vikings · Argentina
1349
+11
🇨🇳 Bohemians · China
1249
+15
🇨🇳 Danes · China
1201
+17
🇨🇳 Danes · China
826
+29
🇨🇳 Bengalis · China
1234
-18
🇵🇰 Bohemians · Pakistan
1213
-18
🇦🇺 Maya · Australia
1206
-18
🇹🇼 Huns · Taiwan
1198
-18
姜午陽
0:44 Loom
10:38 Feudal Age
15:13 Castle Age
13:23 Horse Collar
13:36 Double-Bit Axe
13:50 Horse Collar
16:04 Wheelbarrow
16:27 Bow Saw
17:33 Heavy Plow
23:37 Hand Cart
26:00 Town Watch
28:57 Imperial Age
26:46 Husbandry
26:59 Bloodlines
26:55 Scale Barding Armor
27:52 Gold Mining
28:26 Chain Barding Armor
28:39 Forging
29:56 Cavalier
31:21 Iron Casting
32:25 Plate Barding Armor
35:18 Paladin
36:48 Fletching
36:59 Padded Archer Armor
38:03 Blast Furnace
36:54 Fletching
37:05 Padded Archer Armor
38:13 Parthian Tactics
38:40 Murder Holes
39:07 Ballistics
40:03 Bodkin Arrow
40:24 Leather Archer Armor
41:57 Heavy Cavalry Archer
44:21 Chemistry
44:25 Two-Man Saw
51:03 Light Cavalry
53:54 Elite Skirmisher
56:53 Hussar
Gim
9:45 Feudal Age
14:28 Castle Age
12:16 Double-Bit Axe
19:58 Wheelbarrow
20:10 Horse Collar
24:57 Gold Mining
25:24 Hand Cart
24:56 Loom
29:00 Imperial Age
26:26 Stone Mining
27:14 Gold Shaft Mining
27:20 Heavy Plow
27:25 Husbandry
27:36 Bloodlines
27:35 Scale Barding Armor
28:01 Bow Saw
28:35 Chain Barding Armor
29:26 Forging
29:45 Elite Battle Elephant
32:16 Chemistry
32:06 Ballistics
32:41 Conscription
32:19 Town Watch
33:27 Plate Barding Armor
33:08 Paiks
33:11 Fletching
34:36 Iron Casting
34:48 Mahayana
35:25 Bodkin Arrow
34:52 Elite Ratha (Ranged)
37:32 Blast Furnace
37:16 Bracer
41:01 Padded Archer Armor
41:23 Siege Elephant
44:07 Leather Archer Armor
45:10 Fortified Wall
45:06 Siege Engineers
48:56 Murder Holes
khamz
10:47 Feudal Age
11:53 Double-Bit Axe
14:24 Castle Age
12:57 Horse Collar
16:18 Bow Saw
16:17 Heavy Plow
19:02 Fervor
22:34 Wheelbarrow
22:28 Town Watch
22:32 Loom
24:04 Hand Cart
25:15 Sanctity
27:37 Imperial Age
27:46 Imperial Age
25:51 Fletching
26:02 Padded Archer Armor
28:09 Chemistry
27:06 Bodkin Arrow
27:55 Ballistics
27:53 Leather Archer Armor
27:00 Pikeman
27:41 Squires
29:38 Two-Man Saw
29:04 Conscription
29:16 Wagenburg Tactics
29:13 Bracer
30:27 Ring Archer Armor
29:45 Arson
31:36 Houfnice
32:48 Siege Engineers
33:05 Scale Mail Armor
33:15 Forging
42:44 Caravan
42:54 Guilds
42:33 Crossbowman
44:37 Chain Mail Armor
44:57 Iron Casting
Lappers
0:28 Loom
10:35 Feudal Age
14:17 Castle Age
13:06 Double-Bit Axe
13:33 Horse Collar
15:24 Bow Saw
17:49 Fletching
20:52 Bodkin Arrow
25:40 Gold Mining
31:45 Imperial Age
30:12 Padded Archer Armor
31:49 Wheelbarrow
33:14 Bracer
83716497273
9:58 Feudal Age
11:18 Double-Bit Axe
13:43 Castle Age
11:47 Horse Collar
14:49 Bow Saw
18:21 Heavy Plow
20:46 Wheelbarrow
20:33 Gold Mining
23:44 Stone Mining
24:18 Loom
25:15 Hand Cart
25:42 Stone Shaft Mining
25:42 Gold Shaft Mining
28:43 Imperial Age
28:48 Scale Mail Armor
28:58 Forging
28:46 Capped Ram
30:31 Siege Ram
31:24 Pikeman
32:05 Squires
32:58 Chain Mail Armor
33:18 Iron Casting
32:22 Halberdier
34:27 Plate Mail Armor
33:28 Northmen's Fury
35:59 Siege Engineers
37:14 Blast Furnace
39:34 Town Watch
44:24 Town Patrol
46:30 Elite Varangian Guard
46:56 Arson
49:11 Onager
50:49 Siege Onager
2307972140
10:07 Feudal Age
13:42 Castle Age
11:40 Double-Bit Axe
12:03 Horse Collar
15:39 Bow Saw
19:03 Bow Saw
20:00 Heavy Plow
20:32 Gold Mining
21:05 Gold Mining
21:39 Stone Mining
23:24 Gold Shaft Mining
22:54 Loom
23:43 Town Watch
29:33 Imperial Age
28:52 Chieftains
29:00 Squires
28:45 Arson
29:03 Scale Mail Armor
29:13 Forging
30:14 Chain Mail Armor
29:35 Elite Varangian Guard
30:46 Conscription
30:41 Forging
31:53 Plate Mail Armor
32:44 Iron Casting
32:54 Treadmill Crane
34:27 Blast Furnace
35:45 Two-Man Saw
34:55 Fletching
38:14 Bodkin Arrow
40:05 Fortified Wall
40:16 Ballistics
40:56 Chemistry
40:33 Town Patrol
41:06 Crop Rotation
45:17 Siege Engineers
45:22 Masonry
45:49 Hoardings
45:17 Bogsveigar
45:25 Bracer
45:25 Padded Archer Armor
45:55 Crossbowman
47:00 Leather Archer Armor
46:56 Arbalester
49:48 Ring Archer Armor
50:46 Architecture
50:11 Murder Holes
56:48 Pikeman
FM
10:45 Feudal Age
11:53 Double-Bit Axe
17:17 Castle Age
17:58 Wheelbarrow
17:04 Horse Collar
18:21 Bow Saw
19:36 Fervor
23:58 Hand Cart
31:06 Imperial Age
30:11 Chemistry
30:19 Wagenburg Tactics
30:56 Fortified Wall
30:39 Fletching
30:11 Pikeman
31:57 Masonry
31:55 Siege Engineers
33:07 Two-Man Saw
31:45 Halberdier
34:09 Houfnice
35:32 Conscription
35:57 Scale Mail Armor
36:07 Forging
38:41 Iron Casting
靓仔
12:31 Feudal Age
16:32 Castle Age
16:18 Horse Collar
22:38 Gold Mining
22:55 Loom
26:05 Wheelbarrow
25:16 Town Watch
25:58 Heavy Plow
28:01 Stone Mining
31:47 Imperial Age
29:58 Bloodlines
29:14 Pikeman
29:54 Squires
29:44 Arson
31:20 Forging
31:15 Scale Barding Armor
31:14 Scale Mail Armor
31:15 Padded Archer Armor
31:09 Fletching
30:51 Elite Skirmisher
32:51 Gold Shaft Mining
32:54 Stone Shaft Mining
32:14 Halberdier
32:43 Gambesons
32:33 Elite Jomsviking
34:19 Hand Cart
35:09 Conscription
37:21 Chain Mail Armor
37:06 Padded Archer Armor
37:42 Iron Casting
37:30 Northmen's Fury
39:32 Hoardings
39:48 Plate Mail Armor
39:14 Bodkin Arrow
41:40 Bloodlines
42:38 Blast Furnace
41:53 Leather Archer Armor
41:44 Scale Barding Armor
43:13 Onager
44:46 Hamask
Connection lost

Rejoining the realm…

Still unreachable

The connection could not be restored.

Session expired

The server has moved on; the page needs a fresh start.